 Dungeon Sprint DCSS version 0.20-a0-1000-g0e8f6bb (webtiles) character file.

1177 HollowOne the Fencer (level 8, -9/72 HPs)
             Began as a Barachi Berserker on Apr 12, 2017.
             Was an Elder of Trog.
             Mangled by a two-headed ogre
             ... wielding a +0 giant club
              (24 damage)
             ... in the Dungeon (Sprint IX: "|||||||||||||||||||||||||||||").
             The game lasted 00:01:28 (512 turns).

HollowOne the Fencer (Barachi Berserker)             Turns: 512, Time: 00:01:28

Health: -9/72      AC: 14    Str: 22    XL:     8   Next: 41%
Magic:  8/8        EV: 11    Int:  8    God:    Trog [****..]
Gold:   0          SH:  0    Dex: 16    Spells: 7/7 levels left

rFire    . . .     SeeInvis .   m - +2 scimitar (holy)
rCold    . . .     Gourm    .   (no shield)
rNeg     . . .     Faith    .   p - +1 chain mail
rPois    .         Spirit   .   (no helmet)
rElec    .         Reflect  .   (no cloak)
rCorr    .         Harm     .   o - +0 pair of gloves
MR       ++...     NoTele   +   n - +0 pair of boots
Stlth    ..........             (no amulet)
Regen    1.3/turn               r - +3 ring of dexterity
MPRegen  0.2/turn               q - +3 ring of strength

@: exhausted, regenerating, slowed, very slow
A: +LOS, swims, slowness 1, strong legs 1
a: Hop, Berserk, Trog's Hand, Brothers in Arms, Burn Spellbooks, Renounce
Religion


You were in the Dungeon.
You worshipped Trog.
Trog was greatly pleased with you.
You were near starving.

You visited 1 branch

Inventory:

Hand Weapons
 m - a +2 scimitar of holy wrath (weapon)
Armour
 n - a +0 pair of boots (worn)
 o - a +0 pair of gloves (worn)
 p - a +1 chain mail (worn)
Jewellery
 q - a +3 ring of strength (right hand)
 r - a +3 ring of dexterity (left hand)
Wands
 l - a wand of lightning (7/15)
Scrolls
 i - 2 scrolls of blinking
 k - 3 scrolls of remove curse
Potions
 d - 5 potions of curing
 e - 2 potions of heal wounds
 f - a potion of haste
 g - 4 potions of magic
 h - a potion of berserk rage
 j - a potion of invisibility
Comestibles
 c - a bread ration


   Skills:
 + Level 9.8 Fighting
 + Level 15.1 Long Blades
 * Level 7.2 Throwing
 + Level 6.6 Armour
 + Level 5.4 Dodging


You had 7 spell levels left.
You didn't know any spells.

Dungeon Overview and Level Annotations

Branches:
Dungeon (1/1)

Altars:
Cheibriados
Dithmenos
Elyvilon
Fedhas
Gozag
Hepliaklqana
Kikubaaqudgha
Makhleb
Nemelex Xobeh
Okawaru
Qazlal
Ru
Sif Muna
Trog
Uskayaw
Vehumet
Wu Jian
Xom
Yredelemnul
Zin
The Shining One
Beogh
Jiyva
Lugonu


Innate Abilities, Weirdness & Mutations

Shadows flee at your approach. (+LOS)
You can swim through water.
You cover ground slowly.
You can hop short distances.


Message History

You see here a battleaxe.
You slash the two-headed ogre!
The two-headed ogre is lightly wounded.
You feel the effects of Trog's Hand fading.
You slash the two-headed ogre!
The two-headed ogre is moderately wounded.
The two-headed ogre hits you but does no damage.
The two-headed ogre barely misses you.
You slash the two-headed ogre!
The two-headed ogre is heavily wounded.
You are ready to hop once more.
The two-headed ogre barely misses you.
You riposte.
You slice the two-headed ogre!!
The two-headed ogre is severely wounded.
The two-headed ogre hits you with a giant club!
* * * LOW HITPOINT WARNING * * *
You slash the two-headed ogre!
The two-headed ogre is almost dead.
The two-headed ogre hits you with a giant club!!
You die...

▓.▓
▓.▓
▓.▓
▓.▓
▓'▓
▓Z▓
▓Y▓
▓O▓
▓@▓
▓.▓
▓.▓
▓)▓
▓[▓
▓.▓
▓.▓
▓.▓
▓.▓


You could see a two-headed ogre, a yak and a quokka skeleton.

Vanquished Creatures
  A skeletal warrior (D)
  An ugly thing (D)
  2 ice beasts (D)
  A wight (D)
  A crimson imp (D)
  A jelly (D)
  A worker ant (D)
  An adder (D)
  A dart slug (D)
  A leopard gecko (D)
  2 bat skeletons (D)
  A goblin (D)
  A jackal (D)
  2 kobolds (D)
  A frilled lizard (D)
  A rat (D)
19 creatures vanquished.

Notes
Turn   | Place    | Note
-------+----------+-------------------------------------------
     0 | D        | HollowOne the Barachi Berserker began the quest for the Orb.
     0 | D        | Reached XP level 1. HP: 18/18 MP: 1/1
     6 | D        | Reached skill level 4 in Long Blades
     9 | D        | Reached ** piety under Trog
     9 | D        | Reached skill level 5 in Long Blades
    18 | D        | Reached XP level 2. HP: 17/24 MP: 2/2
    24 | D        | Banished a spatial maelstrom
   106 | D        | Reached skill level 6 in Long Blades
   108 | D        | Reached *** piety under Trog
   108 | D        | Reached skill level 8 in Long Blades
   108 | D        | Reached XP level 3. HP: 29/29 MP: 3/3
   118 | D        | Reached skill level 9 in Long Blades
   118 | D        | Reached XP level 4. HP: 32/36 MP: 4/4
   311 | D        | Found a roughly hewn altar of Beogh.
   311 | D        | Found a snail-covered altar of Cheibriados.
   311 | D        | Found a shadowy altar of Dithmenos.
   311 | D        | Found a white marble altar of Elyvilon.
   311 | D        | Found a blossoming altar of Fedhas.
   311 | D        | Found an opulent altar of Gozag.
   311 | D        | Found a hazy altar of Hepliaklqana.
   312 | D        | Found a viscous altar of Jiyva.
   313 | D        | Found an ancient bone altar of Kikubaaqudgha.
   314 | D        | Found a corrupted altar of Lugonu.
   315 | D        | Found a burning altar of Makhleb.
   316 | D        | Found a sparkling altar of Nemelex Xobeh.
   317 | D        | Found an iron altar of Okawaru.
   318 | D        | Found a stormy altar of Qazlal.
   319 | D        | Found a sacrificial altar of Ru.
   320 | D        | Found a deep blue altar of Sif Muna.
   321 | D        | Found a bloodstained altar of Trog.
   322 | D        | Found a hide-covered altar of Uskayaw.
   323 | D        | Found a radiant altar of Vehumet.
   324 | D        | Found an ornate altar of the Wu Jian Council.
   325 | D        | Found a shimmering altar of Xom.
   326 | D        | Found a basalt altar of Yredelemnul.
   327 | D        | Found a glowing silver altar of Zin.
   328 | D        | Found a glowing golden altar of the Shining One.
   382 | D        | Noticed an ice beast
   382 | D        | Noticed an ice beast
   384 | D        | Reached **** piety under Trog
   384 | D        | Reached skill level 10 in Long Blades
   384 | D        | Reached skill level 1 in Throwing
   387 | D        | Reached skill level 5 in Fighting
   387 | D        | Reached XP level 5. HP: 44/44 MP: 5/5
   395 | D        | Killed an ice beast
   395 | D        | Reached skill level 11 in Long Blades
   395 | D        | Reached XP level 6. HP: 52/52 MP: 6/6
   398 | D        | Killed an ice beast
   398 | D        | Reached skill level 12 in Long Blades
   477 | D        | Noticed a yak
   477 | D        | Noticed a two-headed ogre
   477 | D        | Noticed a skeletal warrior
   477 | D        | Noticed a brown ugly thing
   478 | D        | Reached ***** piety under Trog
   489 | D        | Killed a brown ugly thing
   489 | D        | Reached skill level 14 in Long Blades
   489 | D        | Reached skill level 5 in Armour
   489 | D        | Reached XP level 7. HP: 62/63 MP: 7/7
   507 | D        | Killed a skeletal warrior
   507 | D        | Reached skill level 15 in Long Blades
   507 | D        | Reached skill level 5 in Dodging
   507 | D        | Reached XP level 8. HP: 31/72 MP: 8/8
   512 | D        | Mangled by a two-headed ogre

Vault maps used:
D:        linesprint

Skill      XL: |  1  2  3  4  5  6  7 |
---------------+----------------------+-----
Long Blades    | 5 8 9 10 11 14 15 | 15.1
Fighting       | 5 6 8 9 |  9.8
Throwing       | 2 3 6 7 |  7.2
Armour         | 3 4 5 6 |  6.6
Dodging        | 3 4 5 |  5.4

Action                   |  1- 3 |  4- 6 |  7- 9 || total
-------------------------+-------+-------+-------++-------
Melee: Falchion          |    25 |     1 |       ||    26
       Scimitar          |       |    25 |    10 ||    35
Invok: Berserk           |     1 |     2 |       ||     3
       Brothers in Arms  |       |       |     2 ||     2
       Trog's Hand       |       |       |     1 ||     1
 Abil: Hop               |       |       |     1 ||     1
  Use: Potion            |       |       |     1 ||     1
  Eat: Chunk             |       |     1 |       ||     1
Armor: Animal skin       |     1 |       |       ||     1
       Chain mail        |       |     8 |     1 ||     9
Dodge: Dodged            |    14 |     8 |     6 ||    28
       Rpst.: Falchion   |     6 |       |       ||     6
       Scimitar          |       |     4 |     1 ||     5
